[Event "Late Titled Tuesday Blitz February 8 2022"]
[White "Yang, Cayden"]
[Black "Kopczynski, Michal"]
[WhiteFideId "30967260"]
[BlackFideId "1124200"]
[WhiteElo "2613"]
[BlackElo "2235"]
[Result "1/2-1/2"]
[Round "09"]
[TimeControl "180+1"]
[Date "2022.02.09"]
[WhiteClock "0:00:16"]
[BlackClock "0:00:09"]

1. Nf3 d6 2. d4 g6 3. g3 Bg7 4. Bg2 Nf6 5. O-O O-O 6. Nc3 Nc6 7. d5 Nb8 8. e4 e5 9. dxe6 fxe6 10. h3 Nc6 11. Be3 e5 12. Nd2 Be6 13. Nd5 Qd7 14. Kh2 Ne7 15. c4 c6 16. Nxe7+ Qxe7 17. Rc1 Rad8 18. Bxa7 Ra8 19. Be3 Rxa2 20. Qb3 Raa8 21. Qb4 Rad8 22. b3 Rd7 23. Nb1 Qd8 24. Bb6 Qe8 25. Nc3 d5 26. cxd5 cxd5 27. exd5 Nxd5 28. Nxd5 Bxd5 29. Bxd5+ Rxd5 30. Qc4 Qf7 31. Rcd1 Rxd1 32. Qxf7+ Kxf7 33. Rxd1 Ke6 34. Kg2 Rc8 35. b4 Bf8 36. b5 Rc2 37. Rd8 Bc5 38. Bxc5 Rxc5 39. Rh8 h5 40. b6 Rc6 41. Re8+ Kd5 42. Rd8+ Ke4 43. Rd2 Rxb6 44. Re2+ Kd5 45. Rd2+ Ke6 46. Rd8 Rb2 47. Rg8 Kf5 48. Rf8+ Kg5 49. h4+ Kh6 50. Re8 Rb5 51. Re7 Rb1 52. Rxe5 Kg7 53. Re7+ Kf6 54. Re8 b5 55. Rf8+ Ke6 56. Rg8 Kf6 57. Rb8 b4 58. Rb6+ Kf5 59. Rb5+ Kf6 60. Rb6+ Kf5 61. Rb5+ Ke4 62. Rb6 b3 63. Rxg6 b2 64. Rb6 Kd3 65. f3 Kc2 66. g4 Rd1 67. gxh5 b1=Q 68. Rxb1 Rxb1 69. Kg3 Rb4 70. h6 Rb6 71. Kf4 Rxh6 72. Kg5 Rh8 73. f4 Kd3 74. f5 Ke4 75. f6 Ke5 76. f7 Ke6 77. Kg6 Rf8 78. h5 Rxf7 79. h6 Rf6+ 80. Kg7 Rf1 81. h7 Rg1+ 82. Kf8 Rh1 83. Kg7 Rg1+ 84. Kf8 Rh1 85. Kg7 Rg1+ 1/2-1/2


[Site "https://www.chess.com"]

[Event "Late Titled Tuesday Blitz February 8 2022"]
[White "Yang, Qindong"]
[Black "Terletsky, Oleg"]
[WhiteFideId "8603758"]
[BlackFideId "14116774"]
[WhiteElo "2101"]
[BlackElo "2050"]
[Result "1-0"]
[Round "09"]
[TimeControl "180+1"]
[Date "2022.02.09"]
[WhiteClock "0:00:04"]
[BlackClock "0:00:01"]

1. d4 Nf6 2. c4 g6 3. Nc3 Bg7 4. e4 d6 5. Be2 O-O 6. Nf3 e5 7. Be3 Ng4 8. Bg5 f6 9. Bc1 f5 10. O-O Nc6 11. exf5 Bxf5 12. h3 Nf6 13. dxe5 dxe5 14. Bg5 Qxd1 15. Raxd1 Ne4 16. Nxe4 Bxe4 17. Rd7 Rf7 18. Rxf7 Kxf7 19. Rd1 Nd4 20. Nxd4 exd4 21. c5 Bd5 22. a3 Re8 23. Bd3 b6 24. Rc1 bxc5 25. Rxc5 Re1+ 26. Kh2 c6 27. Bf4 g5 28. Bxg5 Be5+ 29. f4 Bd6 30. Ra5 Bb8 31. Rc5 Rd1 32. Bxh7 Rd2 33. Rc2 Rxc2 34. Bxc2 Bc4 35. Kg1 d3 36. Bd1 Bd6 37. Kf2 Bc5+ 38. Ke1 Be3 39. Ba4 d2+ 40. Kd1 Bd5 41. Bh4 Bxg2 42. Ke2 1-0


[Site "https://www.chess.com"]

[Event "Late Titled Tuesday Blitz February 8 2022"]
[White "Yuan, Qingyu"]
[Black "Al Hosani, Omran"]
[WhiteFideId "8609772"]
[BlackFideId "9308733"]
[WhiteElo "2359"]
[BlackElo "2246"]
[Result "1-0"]
[Round "09"]
[TimeControl "180+1"]
[Date "2022.02.08"]
[WhiteClock "0:00:11"]
[BlackClock "0:00:01"]

1. Nf3 Nf6 2. g3 e6 3. Bg2 d5 4. O-O Be7 5. d3 O-O 6. Nbd2 c5 7. e4 Nc6 8. Re1 b6 9. e5 Nd7 10. Nf1 Bb7 11. Bf4 a5 12. h4 b5 13. h5 a4 14. h6 g6 15. N1h2 d4 16. Ng4 Nb6 17. Qd2 Nd5 18. Bg5 a3 19. b3 Ncb4 20. Bxe7 Qxe7 21. Ng5 Rfd8 22. Ne4 Kh8 23. Re2 Bc6 24. Qe1 Rac8 25. Qd2 Rc7 26. Qc1 Ba8 27. Qxa3 c4 28. bxc4 bxc4 29. Rb1 cxd3 30. cxd3 Rc3 31. Nxc3 dxc3 32. Bxd5 Nxd5 33. Qxe7 Nxe7 34. Rc2 Nd5 35. Nf6 Ne7 36. Rxc3 Nf5 37. Rbc1 Bb7 38. Rc7 1-0


[Site "https://www.chess.com"]

[Event "Late Titled Tuesday Blitz February 8 2022"]
[White "Zhigalko, Sergei"]
[Black "Pranav, V"]
[WhiteFideId "13502956"]
[BlackFideId "25060783"]
[WhiteElo "2662"]
[BlackElo "2349"]
[Result "1/2-1/2"]
[Round "09"]
[TimeControl "180+1"]
[Date "2022.02.08"]
[WhiteClock "0:00:06"]
[BlackClock "0:00:01"]

1. e4 e5 2. Nf3 Nc6 3. Bc4 Nf6 4. d3 Be7 5. O-O O-O 6. Nbd2 d5 7. exd5 Nxd5 8. Re1 f6 9. d4 exd4 10. Nb3 Kh8 11. Nbxd4 Nxd4 12. Qxd4 Nb6 13. Bd3 Qxd4 14. Nxd4 Bc5 15. Nb5 Nd5 16. Be4 a6 17. Bxd5 axb5 18. Be3 Bd6 19. Rad1 Bf5 20. c3 c6 21. Bb3 Bc7 22. h3 Rfe8 23. g4 Be6 24. Bxe6 Rxe6 25. Rd7 Bf4 26. Rxb7 h5 27. a3 hxg4 28. hxg4 Ra4 29. Kg2 Bxe3 30. Rxe3 Rxe3 31. fxe3 Rxg4+ 32. Kf3 Rc4 33. Rd7 f5 34. Rd4 Rc5 35. Rd7 Kh7 36. Rd6 g5 37. Kg3 Re5 38. Kf3 Rc5 39. Kg3 Kg7 40. Kf3 Kf7 41. Kg3 Re5 42. Kf3 Re6 43. Rd8 Rh6 44. Kg3 Rh1 45. Rd6 Rg1+ 46. Kf2 Rb1 47. b4 Rb3 48. Rxc6 Rxa3 49. e4 f4 50. Kf3 Ra1 51. Kg4 Rg1+ 52. Kf5 f3 53. Rc7+ Ke8 54. Ke6 Kd8 55. Rd7+ Kc8 56. Rf7 g4 57. e5 Rd1 58. Rf4 g3 59. Rf8+ Kb7 60. Rf7+ Kb6 61. Rxf3 g2 62. Rg3 g1=Q 63. Rxg1 Rxg1 64. Kd7 Rc1 65. e6 Rd1+ 66. Kc8 Rd3 67. e7 Rxc3+ 68. Kd7 Rd3+ 69. Kc8 Re3 70. Kd7 Re4 71. Kd6 Re1 72. Kd7 Rd1+ 73. Kc8 Ra1 74. Kd7 Ra7+ 75. Kd6 Ra8 76. Kd7 Rh8 77. Kd6 Kb7 78. Kd7 Kb6 79. Kd6 Re8 80. Kd7 Ra8 81. Kd6 Rc8 82. Kd7 Rh8 1/2-1/2


[Site "https://www.chess.com"]

[Event "Late Titled Tuesday Blitz February 8 2022"]
[White "Zhou, Qiyu"]
[Black "Baker, Chris W"]
[WhiteFideId "505161"]
[BlackFideId "401676"]
[WhiteElo "1925"]
[BlackElo "2148"]
[Result "1-0"]
[Round "09"]
[TimeControl "180+1"]
[Date "2022.02.09"]
[WhiteClock "0:00:20"]
[BlackClock "0:00:01"]

1. e4 e5 2. Nf3 Nc6 3. Bb5 a6 4. Ba4 Nf6 5. O-O Be7 6. c3 Nxe4 7. Re1 Nc5 8. Bxc6 dxc6 9. Nxe5 O-O 10. d4 Ne6 11. Nd2 f6 12. Nef3 Kh8 13. Nf1 Bd6 14. Ng3 c5 15. d5 Nf4 16. c4 Bg4 17. Bxf4 Bxf4 18. Re4 Qd6 19. Qb3 Rae8 20. Rae1 Rxe4 21. Rxe4 Bxf3 22. Qxf3 Be5 23. b3 Qd7 24. Qf5 Qxf5 25. Nxf5 g6 26. Ng3 Bd6 27. Kf1 Kg7 28. Ke2 Kf7 29. Kd3 f5 30. Re6 Bxg3 31. hxg3 Re8 32. Re3 Rxe3+ 33. Kxe3 Kf6 34. Kf4 g5+ 35. Ke3 1-0


[Site "https://www.chess.com"]

[Event "Late Titled Tuesday Blitz February 8 2022"]
[White "Zhurbinsky, David"]
[Black "Morris-Suzuki, Sophie"]
[WhiteFideId "2072904"]
[BlackFideId "30922615"]
[WhiteElo "2559"]
[BlackElo "2445"]
[Result "1-0"]
[Round "09"]
[TimeControl "180+1"]
[Date "2022.02.09"]
[WhiteClock "0:00:10"]
[BlackClock "0:00:03"]

1. e4 c5 2. Nf3 b6 3. c4 Bb7 4. Nc3 a6 5. d4 cxd4 6. Nxd4 Qc7 7. Be2 Nf6 8. f3 e6 9. Be3 Bd6 10. Rc1 Bxh2 11. Qd2 Bg3+ 12. Kf1 h5 13. b4 d6 14. a4 Nbd7 15. Bd3 Ne5 16. Qe2 Nxd3 17. Qxd3 Rc8 18. Nce2 Be5 19. Nb3 Nd7 20. f4 Bf6 21. Rh3 Be7 22. Ned4 Nf6 23. Nd2 Ng4 24. Bg1 d5 25. exd5 exd5 26. Nf5 dxc4 27. Rxc4 Qxf4+ 28. Rxf4 Rc1+ 29. Ke2 Rxg1 30. Nxg7+ Kf8 31. Ne6+ Kg8 32. Rxg4+ hxg4 33. Rxh8+ Kxh8 34. Qd4+ f6 35. Qxg1 Bd5 36. Qh2+ Kg8 37. Nf4 Bf7 38. Ne4 Bc4+ 39. Kf2 f5 40. Ng6 Bf8 41. Ng5 Kg7 42. Qh7+ Kf6 43. Nxf8 Kxg5 44. Qg6+ Kf4 45. Qd6+ Ke4 46. Nd7 f4 47. Nf6+ Kf5 48. Nd7 g3+ 49. Kf3 Bb3 50. Qf6# 1-0


[Site "https://www.chess.com"]

[Event "Late Titled Tuesday Blitz February 8 2022"]
[White "Zierk, Steven"]
[Black "Sjugirov, Sanan"]
[WhiteFideId "2034255"]
[BlackFideId "4189302"]
[WhiteElo "2494"]
[BlackElo "2602"]
[Result "1-0"]
[Round "09"]
[TimeControl "180+1"]
[Date "2022.02.08"]
[WhiteClock "0:00:02"]
[BlackClock "0:00:11"]

1. e4 e5 2. Nf3 Nc6 3. Bc4 Nf6 4. Ng5 d5 5. exd5 Na5 6. Bb5+ c6 7. dxc6 bxc6 8. Bd3 Nd5 9. Nf3 Bd6 10. O-O O-O 11. Re1 f5 12. Nxe5 Qf6 13. Nf3 g5 14. Nc3 g4 15. Nxd5 cxd5 16. Rb1 Nc6 17. b4 gxf3 18. Qxf3 Be6 19. Bb2 Qh6 20. Qh3 Qxh3 21. gxh3 Kf7 22. Be2 Rg8+ 23. Kh1 Bxb4 24. Bh5+ Ke7 25. Re2 Kd6 26. c3 Bc5 27. d4 Bb6 28. Ba3+ Kd7 29. Rbe1 Nd8 30. Bf3 Rc8 31. Re5 Rxc3 32. Bxd5 Bxd5+ 33. Rxd5+ Kc6 34. Rd6+ Kb5 35. Bc1 Nc6 36. Rd5+ Kc4 37. Rxf5 Nxd4 38. Rf4 Kd3 39. Bb2 1-0


[Site "https://www.chess.com"]

[Event "Late Titled Tuesday Blitz February 8 2022"]
[White "Aaditya Dhingra"]
[Black "Jaferian, Koosha"]
[WhiteFideId "25678191"]
[BlackFideId "12507440"]
[WhiteElo "1789"]
[BlackElo "2027"]
[Result "1/2-1/2"]
[Round "10"]
[TimeControl "180+1"]
[Date "2022.02.09"]
[WhiteClock "0:00:07"]
[BlackClock "0:00:05"]

1. e4 c6 2. d4 d5 3. exd5 cxd5 4. c4 Nf6 5. Nc3 Nc6 6. Bg5 dxc4 7. d5 Ne5 8. Qd4 h6 9. Qxe5 hxg5 10. Bxc4 a6 11. a4 g6 12. Nf3 g4 13. Ng5 Bg7 14. d6 e6 15. Nce4 O-O 16. h4 Nxe4 17. Qxe4 Qxd6 18. h5 Qb4+ 19. Kf1 b5 20. axb5 Bb7 21. Qxb7 Qxc4+ 22. Kg1 Qxb5 23. Qxb5 axb5 24. Rxa8 Rxa8 25. hxg6 Ra1+ 26. Kh2 Rxh1+ 27. Kxh1 fxg6 28. b4 e5 29. Ne6 Bf8 30. Nc7 Bxb4 31. Nxb5 Bc5 32. f3 gxf3 33. gxf3 Kf7 34. Kg2 Kf6 35. Kg3 Kf5 36. Nc3 Be3 37. Kg2 Bc5 38. Ne4 Bb4 39. Ng3+ Kf4 40. Ne2+ Ke3 41. Ng1 Be7 42. Nh3 Bh4 43. Ng1 Kf4 44. Ne2+ Kf5 45. Nc3 Be7 46. Kh3 Bf8 47. Kg3 Bh6 48. Ne4 Bf4+ 49. Kg2 g5 50. Nf2 Be3 51. Nd3 Ba7 52. Nb4 Bc5 53. Nd3 Bd6 54. Nb2 Kf4 55. Nc4 Bc5 56. Nb2 Bd4 57. Nd3+ Ke3 58. Nb4 Kf4 59. Nd5+ Kf5 60. Nb4 Ba7 61. Nd3 Bb8 62. Nb4 Bd6 63. Nd3 Bf8 64. Nf2 Bg7 65. Ne4 Kf4 66. Ng3 g4 67. Nh5+ Ke3 68. fxg4 Bh6 69. g5 Bxg5 70. Ng3 Kf4 71. Ne2+ Kf5 72. Ng3+ Kg4 73. Ne2 Be7 74. Ng3 Kf4 75. Ne2+ Ke3 76. Ng3 Kd3 77. Kf3 Kd4 78. Nf5+ Kd3 79. Nxe7 e4+ 80. Kf2 Kd2 81. Nf5 e3+ 82. Nxe3 1/2-1/2


[Site "https://www.chess.com"]

[Event "Late Titled Tuesday Blitz February 8 2022"]
[White "Adewumi, Tanitoluwa"]
[Black "Daggupati, Balaji"]
[WhiteFideId "30966396"]
[BlackFideId "2090759"]
[WhiteElo "2488"]
[BlackElo "2743"]
[Result "0-1"]
[Round "10"]
[TimeControl "180+1"]
[Date "2022.02.08"]
[WhiteClock "0:00:06"]
[BlackClock "0:00:29"]

1. b3 e5 2. Bb2 Nc6 3. e3 Nf6 4. Bb5 Bd6 5. Nf3 Qe7 6. O-O O-O 7. d3 a6 8. Bxc6 dxc6 9. Nbd2 Bg4 10. Qe1 Rae8 11. h3 Bc8 12. e4 Nh5 13. Nc4 Qf6 14. Nxd6 cxd6 15. Qe3 Nf4 16. Kh2 Qg6 17. Nh4 Qh5 18. Qg3 Ne2 19. Qf3 Qxh4 20. Qxe2 f5 21. exf5 Bxf5 22. Rae1 Re6 23. Qe3 Rg6 24. f4 exf4 25. Qxf4 Rxg2+ 26. Kxg2 Bxh3+ 27. Kh2 Rxf4 28. Rxf4 Qxf4+ 29. Kxh3 Qf3+ 30. Kh2 Qf2+ 31. Kh3 Qxe1 0-1


[Site "https://www.chess.com"]

[Event "Late Titled Tuesday Blitz February 8 2022"]
[White "Alimpic, Aleksa"]
[Black "Rudykh, Stepan"]
[WhiteFideId "974323"]
[BlackFideId "4180321"]
[WhiteElo "2131"]
[BlackElo "2146"]
[Result "0-1"]
[Round "10"]
[TimeControl "180+1"]
[Date "2022.02.09"]
[WhiteClock "0:00:03"]
[BlackClock "0:01:14"]

1. Nf3 e6 2. g3 f5 3. Bg2 Nf6 4. O-O Be7 5. d4 O-O 6. c4 d6 7. Nc3 Ne4 8. Qc2 Nxc3 9. Qxc3 a5 10. b3 Nc6 11. Bb2 Bf6 12. Rad1 Qe8 13. Qc2 e5 14. dxe5 dxe5 15. e4 f4 16. Ba3 Rf7 17. Rd3 g5 18. Qd2 g4 19. Ne1 f3 20. Bh1 Nd4 21. Rxd4 exd4 22. Nc2 Qxe4 23. Re1 Qg6 24. Nxd4 Bd7 25. Nb5 Bxb5 26. cxb5 b6 27. Qd5 Rd8 28. Qb7 Rfd7 29. Bxf3 gxf3 30. Qxf3 Rf7 31. Re6 Qg7 32. Qc6 Bd4 0-1


[Site "https://www.chess.com"]

[Event "Late Titled Tuesday Blitz February 8 2022"]
[White "Avazkhonov, Alikhon"]
[Black "Dias, Joao Batista"]
[WhiteFideId "14208504"]
[BlackFideId "2108240"]
[WhiteElo "1739"]
[BlackElo "1898"]
[Result "1-0"]
[Round "10"]
[TimeControl "180+1"]
[Date "2022.02.09"]
[WhiteClock "0:00:05"]
[BlackClock "0:01:02"]

1. f4 Nf6 2. Nf3 e6 3. g3 d5 4. Bg2 h6 5. O-O b6 6. d3 Bb7 7. Qe1 Nbd7 8. Nc3 Nc5 9. b4 Ncd7 10. b5 Nc5 11. a4 Bd6 12. Ne5 Ncd7 13. Nc6 Bxc6 14. bxc6 Nf8 15. e4 dxe4 16. dxe4 Bc5+ 17. Kh1 Ng6 18. e5 Nd5 19. Nxd5 exd5 20. f5 Nf8 21. Bb2 d4 22. Rd1 Nh7 23. c3 d3 24. Qe4 Ng5 25. Qxd3 Qxd3 26. Rxd3 Rd8 27. Rfd1 Rxd3 28. Rxd3 g6 29. h4 gxf5 30. Rd7 Ne4 31. Rxc7 Kd8 32. Rxa7 Re8 33. Ra8+ Ke7 34. Rxe8+ Kxe8 35. Bxe4 fxe4 36. Kg2 Kd8 37. Bc1 Kc7 38. Bxh6 Kxc6 39. Bg7 Kd7 40. h5 Be3 41. h6 Bxh6 42. Bxh6 Ke6 43. Bg7 Kd5 44. Kf2 Kc4 45. Ke3 Kd5 46. Bf6 Ke6 47. Kxe4 1-0


[Site "https://www.chess.com"]

[Event "Late Titled Tuesday Blitz February 8 2022"]
[White "Bambino Filho, Antonio Carlos"]
[Black "Carbone, Diego"]
[WhiteFideId "2113163"]
[BlackFideId "3002179"]
[WhiteElo "2457"]
[BlackElo "2199"]
[Result "0-1"]
[Round "10"]
[TimeControl "180+1"]
[Date "2022.02.09"]
[WhiteClock "0:00:11"]
[BlackClock "0:00:22"]

1. e4 e5 2. Nf3 Nc6 3. Nc3 Nf6 4. a4 Bb4 5. Bd3 O-O 6. O-O d6 7. Ne2 a6 8. Ng3 Re8 9. c3 Bc5 10. b4 Ba7 11. b5 axb5 12. axb5 Bxf2+ 13. Rxf2 Rxa1 14. bxc6 bxc6 15. Rf1 Be6 16. Qe2 Qb8 17. Ng5 Qb6+ 18. Kh1 Bb3 19. Nh5 Nxh5 20. Qxh5 h6 21. Nxf7 Re7 22. c4 Rxc1 23. Nxh6+ gxh6 24. Qg6+ Rg7 25. Qe6+ Kh7 26. Rxc1 Qf2 27. Qf5+ Qxf5 28. exf5 Rg4 29. h3 Rd4 30. Rc3 Bd1 31. g4 Kg7 32. Bc2 Rxd2 33. Bxd1 Rxd1+ 34. Kg2 Kf6 35. Rb3 Rd4 36. Rb8 h5 37. Rf8+ Kg7 38. Rd8 hxg4 39. Rd7+ Kf6 40. Rxc7 gxh3+ 41. Kxh3 Rxc4 0-1


[Site "https://www.chess.com"]

[Event "Late Titled Tuesday Blitz February 8 2022"]
[White "Chabris, Christopher"]
[Black "Okike, David"]
[WhiteFideId "2005263"]
[BlackFideId "8500134"]
[WhiteElo "2283"]
[BlackElo "2232"]
[Result "1-0"]
[Round "10"]
[TimeControl "180+1"]
[Date "2022.02.09"]
[WhiteClock "0:01:44"]
[BlackClock "0:01:54"]

1. e4 c5 2. Nf3 Nc6 3. Bb5 g6 4. Bxc6 bxc6 5. O-O Bg7 6. Re1 Nf6 7. e5 Nd5 8. c4 Nc7 9. d4 O-O 10. dxc5 Ne6 11. Be3 Rb8 12. Qd2 Re8 13. Nc3 Qc7 14. Bh6 Bxh6 15. Qxh6 Rxb2 16. Ne4 Ba6 17. Nfg5 Nf8 18. Nf6+ exf6 19. exf6 Rxe1+ 20. Rxe1 Ne6 21. Qxh7+ Kf8 22. Qxf7# 1-0


[Site "https://www.chess.com"]

[Event "Late Titled Tuesday Blitz February 8 2022"]
[White "Chernomordik, Pavel"]
[Black "Stoleriu, George"]
[WhiteFideId "2804530"]
[BlackFideId "1227505"]
[WhiteElo "2249"]
[BlackElo "2203"]
[Result "1-0"]
[Round "10"]
[TimeControl "180+1"]
[Date "2022.02.09"]
[WhiteClock "0:00:08"]
[BlackClock "0:00:03"]

1. e4 d5 2. exd5 c6 3. dxc6 Nxc6 4. Nf3 e5 5. Bb5 Bc5 6. Qe2 Ne7 7. h3 O-O 8. O-O Bf5 9. d3 Rc8 10. Nc3 Bd4 11. Bd2 Nb4 12. Ba4 Nbd5 13. Nxd5 Nxd5 14. Nxd4 exd4 15. Bb3 Re8 16. Qf3 Be6 17. Rfe1 b5 18. a4 b4 19. Qg3 Qf6 20. Re5 Nc7 21. Bxb4 Bxb3 22. Rxe8+ Nxe8 23. cxb3 Qb6 24. Ba3 Qxb3 25. Re1 h6 26. Qg4 Qc2 27. Qxd4 Nc7 28. Qxa7 Ne6 29. Qe3 Rd8 30. Re2 Qxa4 31. Rd2 Nd4 32. Qe4 Re8 33. Qg4 f5 34. Qd1 Qc6 35. Bb4 Ne6 36. Bc3 Nf4 37. Qf3 Re1+ 38. Kh2 Qd6 39. Qg3 g5 40. d4 Qd5 41. h4 Kf7 42. hxg5 Nh5 43. Qc7+ Kg6 44. Rd3 hxg5 45. Bxe1 Nf4 46. Rg3 Qg8 47. Qd6+ Kg7 48. Rxg5+ 1-0


[Site "https://www.chess.com"]

[Event "Late Titled Tuesday Blitz February 8 2022"]
[White "Chigaev, Maksim"]
[Black "Sarana, Alexey"]
[WhiteFideId "4108116"]
[BlackFideId "24133795"]
[WhiteElo "2502"]
[BlackElo "2665"]
[Result "0-1"]
[Round "10"]
[TimeControl "180+1"]
[Date "2022.02.08"]
[WhiteClock "0:01:17"]
[BlackClock "0:01:34"]

1. d4 Nf6 2. c4 g6 3. h4 c6 4. Nc3 d5 5. cxd5 cxd5 6. Bf4 Bg7 7. e3 Qb6 8. Qb3 O-O 9. Qxb6 axb6 10. Nf3 Bf5 11. Be2 Nc6 12. Ne5 Rfc8 13. f3 h5 14. Kd2 e6 15. Rhc1 Bf8 16. Bd3 Bxd3 17. Nxd3 Na5 18. b3 Ba3 19. Rc2 Be7 20. Nb5 Nxb3+ 0-1


[Site "https://www.chess.com"]

[Event "Late Titled Tuesday Blitz February 8 2022"]
[White "Clawitter, Craig"]
[Black "Rudzinska, Michalina"]
[WhiteFideId "2023105"]
[BlackFideId "1172883"]
[WhiteElo "2160"]
[BlackElo "1904"]
[Result "1-0"]
[Round "10"]
[TimeControl "180+1"]
[Date "2022.02.09"]
[WhiteClock "0:00:06"]
[BlackClock "0:00:39"]

1. e4 f5 2. exf5 d5 3. Qh5+ g6 4. fxg6 Kd7 5. Qxd5+ Ke8 6. Qf7+ Kd7 7. g7 Bxg7 8. Qxg7 Nf6 9. Nf3 Nc6 10. Bb5 Rg8 11. Qf7 a6 12. Ne5+ Kd6 13. Nc4+ Kc5 14. Bxc6 Kxc6 15. Nc3 Rxg2 16. Ne5+ Kb6 17. d3 Ka7 18. Be3+ Kb8 19. Qb3 Qd6 20. Nc4 Qc6 21. O-O-O Bg4 22. Ne5 Qd6 23. Nxg4 Nxg4 24. Rhg1 Nxe3 25. fxe3 Qxh2 26. Rxg2 Qxg2 27. Qd5 Qf2 28. Qe4 Qf6 29. Nd5 Qd6 30. Nxe7 a5 31. Rh1 Ra6 32. Rxh7 Qf6 33. Qd4 Qf1+ 34. Kd2 Qf2+ 35. Kc3 Qe1+ 36. Kb3 Rb6+ 37. Ka3 Qg3 38. Rh8+ Ka7 39. Nc8+ Ka6 40. Nxb6 cxb6 41. Qc4+ b5 42. Rh6+ Ka7 43. Qc5+ Ka8 44. Rh8+ 1-0


[Site "https://www.chess.com"]

[Event "Late Titled Tuesday Blitz February 8 2022"]
[White "Costachi, Mihnea"]
[Black "Kouskoutis, Georgios-Alexandros"]
[WhiteFideId "1217518"]
[BlackFideId "4234049"]
[WhiteElo "2464"]
[BlackElo "2130"]
[Result "1-0"]
[Round "10"]
[TimeControl "180+1"]
[Date "2022.02.08"]
[WhiteClock "0:01:16"]
[BlackClock "0:00:03"]

1. e4 c5 2. b3 b6 3. Bb2 Bb7 4. Nc3 Nc6 5. Nf3 e6 6. d4 cxd4 7. Nxd4 Nf6 8. Be2 Rc8 9. O-O Nxd4 10. Qxd4 Bc5 11. Qd3 O-O 12. Bf3 e5 13. Rad1 Bd4 14. Na4 Bxb2 15. Nxb2 Qc7 16. c4 Rfd8 17. Na4 d6 18. Nc3 Bc6 19. Qe2 g6 20. Bg4 Rb8 21. Rd3 a6 22. Rfd1 b5 23. cxb5 axb5 24. Bf3 b4 25. Nb1 Bb5 26. Nd2 Bxd3 27. Qxd3 Qc3 28. Qxc3 bxc3 29. Nc4 Rbc8 30. Rc1 d5 31. exd5 Nxd5 32. Bxd5 Rxd5 33. Nb6 Rcd8 34. Nxd5 Rxd5 35. Kf1 Rd2 36. a4 c2 37. Ke1 Rd3 38. Rxc2 Rxb3 39. Ra2 Kf8 40. a5 Rb7 41. Kd2 Ke7 42. a6 Ra7 43. Kc3 Kd6 44. Kb4 Kc6 45. Ka5 f5 46. Rc2+ Kd5 47. Kb6 Ra8 48. Kb7 Re8 49. a7 e4 50. Rc8 Re7+ 51. Rc7 Re8 52. Rxh7 f4 53. Rf7 e3 54. a8=Q Rxa8 55. Kxa8 Ke4 56. fxe3 fxe3 57. h4 e2 58. Re7+ Kd3 59. g4 Kd2 60. h5 gxh5 61. gxh5 e1=Q 62. Rxe1 Kxe1 63. h6 1-0


[Site "https://www.chess.com"]

[Event "Late Titled Tuesday Blitz February 8 2022"]
[White "Cupid, Kevin"]
[Black "Debray, Christopher"]
[WhiteFideId "7700512"]
[BlackFideId "630810"]
[WhiteElo "2096"]
[BlackElo "2369"]
[Result "1-0"]
[Round "10"]
[TimeControl "180+1"]
[Date "2022.02.09"]
[WhiteClock "0:00:17"]
[BlackClock "0:00:02"]

1. d4 g6 2. c4 Bg7 3. Nf3 d6 4. Nc3 Nc6 5. Bg5 Nf6 6. e3 O-O 7. Be2 Bf5 8. O-O h6 9. Bh4 Ne4 10. Nxe4 Bxe4 11. d5 Nb8 12. Nd4 c5 13. dxc6 Nxc6 14. f3 Nxd4 15. exd4 Bf5 16. Rc1 Qb6 17. g4 Bxd4+ 18. Kh1 Bd7 19. Bxe7 Rfe8 20. Bh4 Bc6 21. b3 Re6 22. Bd3 Rae8 23. Rc2 Re3 24. Rg2 R3e6 25. Bg3 a5 26. h4 a4 27. h5 g5 28. Bf5 axb3 29. Bxe6 Rxe6 30. axb3 Qc5 31. Rd2 Be5 32. Bf2 Qb4 33. Bd4 Bxd4 34. Rxd4 Qc3 35. Rd3 Qe5 36. Kg2 Qf4 37. Rd4 Qe3 38. Rf2 Kg7 39. Qd3 Qxd3 40. Rxd3 Kf8 41. Rfd2 Ke7 42. Kf2 f6 43. b4 b6 44. Re3 Kd7 45. Rde2 Re5 46. Rd3 Ke6 47. Red2 d5 48. cxd5+ Bxd5 49. Re3 Kd6 50. Rxe5 Kxe5 51. Ke3 Be6 52. Rd8 f5 53. Rb8 fxg4 54. Rxb6 g3 55. Ra6 Bc4 56. Rc6 g2 57. Kf2 1-0


[Site "https://www.chess.com"]

[Event "Late Titled Tuesday Blitz February 8 2022"]
[White "Curtis, John"]
[Black "Domingo Nunez, Alejandro"]
[WhiteFideId "3200256"]
[BlackFideId "22245561"]
[WhiteElo "2203"]
[BlackElo "2215"]
[Result "0-1"]
[Round "10"]
[TimeControl "180+1"]
[Date "2022.02.09"]
[WhiteClock "0:00:01"]
[BlackClock "0:00:52"]

1. e4 g6 2. Nf3 Bg7 3. Be2 c6 4. O-O d5 5. d3 Nf6 6. Nbd2 O-O 7. Re1 Nbd7 8. Bf1 e5 9. exd5 Nxd5 10. Nc4 Qc7 11. a4 Re8 12. a5 Nc5 13. d4 Nd7 14. dxe5 Nxe5 15. Ncxe5 Bxe5 16. Nxe5 Rxe5 17. Rxe5 Qxe5 18. c4 Nf6 19. Qd8+ Kg7 20. Be3 Qe8 21. Bh6+ Kxh6 22. Qxf6 Qe6 23. Qxe6 Bxe6 24. Rd1 Kg5 25. g3 Kf6 26. f4 Ke7 27. Kf2 b6 28. Ra1 b5 29. cxb5 cxb5 30. Rc1 Kd6 31. b4 a6 32. Ke3 Bd5 33. Kd4 Re8 34. Bd3 f5 35. Rc5 Be4 36. Re5 Rc8 37. Rc5 Rxc5 38. bxc5+ Kc6 39. Bxe4+ fxe4 40. g4 e3 41. Kxe3 Kxc5 42. Ke4 h5 43. h3 Kd6 44. Kd4 Ke6 45. Kc5 h4 46. Kd4 Kd6 47. Kd3 Kc5 0-1


[Site "https://www.chess.com"]

[Event "Late Titled Tuesday Blitz February 8 2022"]
[White "Degardin, Sylvain"]
[Black "Novikova, Galina"]
[WhiteFideId "20623070"]
[BlackFideId "4157095"]
[WhiteElo "2156"]
[BlackElo "1863"]
[Result "1-0"]
[Round "10"]
[TimeControl "180+1"]
[Date "2022.02.09"]
[WhiteClock "0:00:06"]
[BlackClock "0:00:06"]

1. Nf3 d5 2. g3 Bg4 3. Bg2 Nc6 4. d4 Nf6 5. h3 Bh5 6. c3 e6 7. Bf4 Bd6 8. Bxd6 cxd6 9. Nbd2 O-O 10. O-O e5 11. g4 Bg6 12. Nh4 e4 13. Nxg6 hxg6 14. e3 Re8 15. c4 Nb4 16. cxd5 Nbxd5 17. g5 Nh5 18. Qg4 Qb6 19. Nxe4 Nb4 20. a3 Nc6 21. Nxd6 Re6 22. Nc4 Qa6 23. d5 Ne5 24. Nxe5 Rxe5 25. Rfd1 Qd6 26. Rac1 Rd8 27. h4 f6 28. gxf6 Qxf6 29. Rc7 Rf8 30. Rd2 Rf5 31. f4 Qb6 32. Rc3 Nxf4 33. Be4 R5f6 34. d6 Nh5 35. Bg2 Rxd6 36. Rxd6 Qxd6 37. Rc1 Qe5 38. Re1 Rf6 39. Bf3 Kh7 40. Re2 Qc5 41. Kg2 Qc1 42. Qg5 Rf5 43. Qg4 Qc5 44. Be4 Rf6 45. Qg5 Qe7 46. Qxh5+ Kg8 47. Bxg6 Qe6 48. Qh7+ Kf8 49. Qh8+ Ke7 50. Qxg7+ Kd6 51. Rd2+ Kc6 52. h5 Qe5 53. Rc2+ Kb6 54. Qd7 Qg5+ 55. Kh2 Qe5+ 56. Kg2 Qg5+ 57. Kh2 Qe5+ 58. Kg1 Qg5+ 59. Rg2 Qh4 60. Qd4+ Kc7 61. Qxh4 Rd6 62. Qh2 Kc6 63. Qxd6+ Kxd6 64. h6 Ke6 65. h7 Ke5 66. h8=Q+ 1-0


[Site "https://www.chess.com"]

[Event "Late Titled Tuesday Blitz February 8 2022"]
[White "Dourerassou, Jonathan"]
[Black "Bortnyk, Olexandr"]
[WhiteFideId "628050"]
[BlackFideId "14120828"]
[WhiteElo "2513"]
[BlackElo "2723"]
[Result "0-1"]
[Round "10"]
[TimeControl "180+1"]
[Date "2022.02.08"]
[WhiteClock "0:00:58"]
[BlackClock "0:01:12"]

1. d4 Nf6 2. c4 b6 3. Nc3 Bb7 4. e3 e6 5. Nf3 d5 6. cxd5 exd5 7. Bd3 a6 8. Bd2 Bd6 9. Rc1 Nbd7 10. O-O O-O 11. Bb1 Ne4 12. h3 f5 13. Qe2 Qf6 14. Ne1 Rae8 15. Nd3 f4 16. Nxe4 Rxe4 17. Ne5 Rxe5 18. dxe5 Qxe5 19. Bc3 f3 20. Bxe5 fxe2 21. Bxd6 exf1=Q+ 22. Kxf1 cxd6 23. Rc7 Nc5 24. b4 Rc8 25. Rxc8+ Bxc8 26. bxc5 dxc5 27. Ke2 g6 28. a3 Kf7 29. g4 b5 30. f4 Ke6 31. f5+ Kf6 32. fxg6 hxg6 33. Kf3 g5 34. Kg3 a5 35. h4 b4 36. axb4 cxb4 37. h5 a4 38. h6 b3 39. e4 dxe4 40. Bxe4 a3 41. Bf5 Bxf5 42. gxf5 b2 43. h7 Kg7 44. f6+ Kxh7 0-1


[Site "https://www.chess.com"]